Map: [ESL] Babylon

Players

DnS - Winner!

  • Race: Protoss Protoss
  • Spawn Location: 5:00

Gerald

  • Race: Protoss Protoss
  • Spawn Location: 11:00

Event: ESL SC2 Masters 2023 Summer (Regionals)

VOD

Have the link to the VOD?

Description

Time

  • Played on: May 14, 2023, 12:39 p.m.
  • Length: 14:24

All games in this series

Show
View Real Time Build Order
Export as new Build Order

DnS Protoss - Winner!

Build Orders: Oracle Opening 

Get SALT Encoding   

  12  0:00  Probe  
  13  0:12  Probe  
  14  0:17  Pylon  
  14  0:24  Probe (Chrono Boost)  
  15  0:36  Probe (Chrono Boost)  
  15  0:38  Gateway  
  16  0:44  Probe (Chrono Boost)  
  16  0:46  Assimilator  
  17  0:51  Probe  
  18  1:03  Probe (Chrono Boost)  
  19  1:14  Pylon  
  19  1:15  Probe (Chrono Boost)  
  19  1:16  Assimilator  
  20  1:24  Probe (Chrono Boost)  
  21  1:27  Cybernetics Core  
  21  1:29  Probe  
  22  1:36  Zealot  
  24  1:41  Probe  
  25  1:53  Probe  
  26  2:03  Stargate  
  26  2:05  Probe  
  26  2:07  Stalker  
  29  2:15  Pylon  
  29  2:18  Probe  
  30  2:30  Probe  
  31  2:41  Nexus  
  31  2:47  Oracle (Chrono Boost)  
  34  2:52  Warp Gate  
  34  3:03  Stalker  
  36  3:08  Shield Battery  
  35  3:15  Gateway  
  35  3:20  Probe  
  35  3:25  Shield Battery  
  36  3:44  Probe (Chrono Boost)  
  37  3:52  Oracle  
  37  3:54  Twilight Council  
  37  3:55  Probe (Chrono Boost)  
  41  3:57  Probe (Chrono Boost)  
  42  4:04  Probe (Chrono Boost)  
  42  4:05  Probe (Chrono Boost)  
  42  4:06  Gateway  
  42  4:09  Probe (Chrono Boost)  
  44  4:16  Probe  
  46  4:21  Probe  
  46  4:23  Blink (Chrono Boost)  
  47  4:28  Probe  
  48  4:31  Pylon  
  48  4:34  Pylon  
  48  4:36  Probe  
  49  4:40  Probe, Stalker  
  49  4:44  Stalker  
  54  4:49  Probe  
  54  4:52  Assimilator  
  55  4:53  Probe  
  55  4:56  Pylon  
  56  5:03  Probe  
  56  5:05  Stalker  
  59  5:08  Stalker  
  59  5:09  Stalker  
  59  5:12  Probe  
  64  5:15  Probe  
  64  5:18  Gateway  
  65  5:25  Probe  
  66  5:32  Stalker x3  
  72  5:38  Pylon  
  72  5:49  Nexus  
  72  5:51  Probe  
  72  5:54  Probe  
  74  6:03  Stalker x2  
  78  6:05  Stalker  
  80  6:16  Probe x2  
  79  6:19  Robotics Facility  
  79  6:20  Stalker  
  79  6:30  Stalker x3  
  83  6:34  Probe  
  84  6:46  Probe  
  81  6:49  Probe  
  81  6:51  Charge  
  81  6:53  Forge  
  82  6:56  Stalker x2  
  82  7:00  Pylon  
  88  7:01  Probe x2 (Chrono Boost)  
  88  7:05  Probe (Chrono Boost)  
  87  7:11  Probe (Chrono Boost)  
  87  7:13  Probe (Chrono Boost), Stalker x2  
  87  7:14  Probe (Chrono Boost)  
  86  7:19  Probe  
  86  7:21  Immortal (Chrono Boost)  
  83  7:24  Probe  
  83  7:25  Probe  
  81  7:32  Stalker  
  81  7:33  Stalker, Shield Battery  
  75  7:40  Protoss Ground Weapons Level 1 (Chrono Boost)  
  75  7:42  Stalker x2  
  75  7:43  Probe x2  
  75  7:44  Probe  
  82  7:45  Assimilator  
  82  7:51  Gateway  
  82  7:52  Gateway  
  82  7:54  Observer (Chrono Boost)  
  82  7:57  Gateway  
  83  7:59  Gateway  
  83  8:11  Stalker x3  
  86  8:17  Gateway  
  86  8:18  Observer  
  86  8:20  Nexus  
  86  8:21  Pylon  
  86  8:22  Observer  
  87  8:31  Probe x3  
  90  8:35  Pylon  
  90  8:38  Pylon  
  90  8:46  Stalker x5  
  100  8:49  Probe x2  
  100  8:54  Photon Cannon, Shield Battery  
  102  8:56  Probe  
  102  8:58  Warp Prism  
  105  9:02  Photon Cannon  
  105  9:09  Pylon  
  104  9:17  Stalker x3  
  104  9:20  Pylon  
  108  9:24  Probe x2  
  108  9:25  Probe  
  108  9:27  Protoss Ground Weapons Level 2 (Chrono Boost), Stalker  
  112  9:35  Probe  
  112  9:36  Probe x2  
  112  9:37  Probe  
  116  9:41  Stalker x2  
  120  9:48  Stalker x2  
  120  9:51  Probe x3  
  120  9:52  Probe  
  128  9:59  Assimilator  
  128  10:01  Pylon, Assimilator  
  128  10:03  Probe x3  
  128  10:07  Pylon  
  131  10:08  Stalker x3  
  131  10:11  Zealot  
  139  10:19  Stalker x4  
  143  10:28  Dark Shrine, Gateway  
  143  10:29  Probe x2, Gateway  
  143  10:42  Zealot  
  145  10:44  Stalker x6  
  145  10:48  Pylon  
  157  10:50  Photon Cannon  
  157  10:53  Observer  
  158  11:02  Protoss Ground Weapons Level 3 (Chrono Boost)  
  158  11:04  Zealot  
  158  11:05  Zealot  
  158  11:06  Pylon  
  158  11:08  Photon Cannon  
  158  11:09  Zealot x5  
  158  11:11  Pylon  
  172  11:13  Pylon  
  168  11:34  Zealot x8  
  168  11:35  Zealot x2  
  168  11:36  Shadow Stride (Chrono Boost)  
  171  11:49  Nexus  
  171  11:52  Photon Cannon  
  167  11:55  Shield Battery  
  167  11:56  Probe x3  
  167  11:57  Probe, Pylon  
  167  12:00  Stalker x3  
  161  12:16  Probe x3  
  164  12:29  Dark Templar x9  
  182  12:39  Photon Cannon  
  182  12:41  Photon Cannon  
  182  12:42  Gateway  
  182  12:44  Photon Cannon  
  182  12:45  Gateway  
  182  12:46  Photon Cannon  
  182  12:47  Gateway  
  182  12:49  Photon Cannon  
  153  13:13  Zealot x10  
  167  13:36  Stalker x10  
  161  13:50  Stalker x3  
  153  14:07  Zealot  
  153  14:08  Zealot x8, Dark Templar  
  157  14:22  Nexus, Stalker x3  
Show
View Real Time Build Order
Export as new Build Order

Gerald Protoss 

Build Orders:  

Get SALT Encoding   

  12  0:00  Probe  
  13  0:12  Probe  
  14  0:18  Pylon  
  14  0:24  Probe (Chrono Boost)  
  15  0:37  Gateway  
  15  0:38  Probe (Chrono Boost)  
  16  0:43  Probe (Chrono Boost)  
  16  0:46  Assimilator  
  17  0:53  Probe  
  17  0:55  Assimilator  
  18  1:05  Probe (Chrono Boost)  
  18  1:09  Gateway  
  19  1:16  Probe (Chrono Boost)  
  20  1:20  Pylon  
  20  1:21  Probe (Chrono Boost)  
  21  1:27  Cybernetics Core  
  21  1:31  Probe  
  22  1:37  Pylon  
  22  1:43  Pylon  
  22  1:46  Probe  
  24  2:03  Stalker x2  
  24  2:05  Pylon  
  24  2:07  Probe  
  28  2:13  Warp Gate  
  28  2:20  Pylon  
  28  2:24  Probe, Pylon  
  28  2:33  Stalker  
  28  2:36  Probe  
  31  2:42  Stalker  
  33  2:47  Shield Battery  
  33  2:48  Probe  
  34  2:56  Shield Battery  
  34  3:00  Probe  
  35  3:12  Probe  
  36  3:20  Nexus  
  36  3:26  Probe  
  37  3:31  Twilight Council  
  37  3:39  Probe  
  38  3:44  Pylon  
  38  3:51  Probe  
  38  3:54  Shield Battery  
  39  4:02  Blink (Chrono Boost)  
  39  4:03  Probe (Chrono Boost)  
  40  4:13  Probe (Chrono Boost)  
  41  4:17  Robotics Facility  
  41  4:19  Probe  
  41  4:20  Sentry  
  44  4:30  Gateway  
  44  4:33  Probe x2  
  44  4:37  Stalker  
  48  4:45  Probe x2, Stalker  
  52  4:57  Probe  
  52  4:59  Probe  
  53  5:06  Stalker  
  55  5:10  Nexus  
  55  5:13  Stalker  
  57  5:14  Observer  
  57  5:16  Probe  
  57  5:19  Probe  
  60  5:27  Assimilator  
  60  5:28  Probe  
  61  5:29  Pylon  
  61  5:39  Probe  
  62  5:47  Immortal  
  62  5:49  Shield Battery  
  66  5:50  Stalker x2  
  70  6:03  Pylon  
  70  6:05  Pylon  
  70  6:22  Probe (Chrono Boost), Stalker x3  
  78  6:26  Probe (Chrono Boost)  
  77  6:33  Probe (Chrono Boost)  
  77  6:36  Nexus  
  77  6:37  Probe (Chrono Boost), Pylon  
  77  6:38  Probe (Chrono Boost)  
  77  6:46  Probe, Stalker x2  
  78  6:57  Shield Battery  
  78  6:58  Stalker  
  78  6:59  Probe  
  78  7:00  Probe  
  82  7:09  Stalker  
  82  7:10  Stalker  
  82  7:11  Probe  
  73  7:24  Stalker  
  73  7:25  Probe  
  73  7:29  Probe  
  75  7:31  Immortal  
  77  7:37  Stalker x2  
  77  7:38  Probe  
  77  7:39  Forge  
  77  7:41  Probe  
  83  7:49  Stalker  
  83  7:50  Probe  
  86  7:53  Probe  
  86  7:55  Probe  
  86  7:56  Assimilator  
  88  8:00  Pylon, Observer  
  88  8:01  Sentry  
  88  8:02  Gateway  
  90  8:13  Probe, Stalker  
  90  8:14  Immortal, Stalker  
  90  8:19  Robotics Bay  
  99  8:22  Protoss Ground Weapons Level 1 (Chrono Boost)  
  99  8:26  Assimilator  
  101  8:31  Gateway  
  101  8:32  Gateway  
  99  8:37  Gateway  
  99  8:40  Adept  
  99  8:41  Adept  
  103  8:43  Pylon  
  103  8:45  Assimilator  
  103  8:46  Probe  
  104  8:51  Robotics Facility  
  104  8:58  Stalker  
  104  8:59  Stalker  
  104  9:00  Pylon  
  107  9:09  Disruptor  
  107  9:10  Probe  
  111  9:18  Nexus  
  111  9:21  Pylon  
  109  9:34  Probe  
  109  9:36  Pylon  
  109  9:38  Photon Cannon  
  108  9:39  Probe, Pylon  
  108  9:41  Disruptor (Chrono Boost)  
  112  9:46  Gravitic Boosters  
  112  9:49  Photon Cannon  
  112  9:51  Shield Battery  
  112  9:52  Probe, Disruptor (Chrono Boost)  
  116  9:56  Pylon  
  116  10:00  Photon Cannon  
  116  10:01  Shield Battery  
  116  10:02  Probe  
  116  10:05  Pylon  
  116  10:06  Pylon, Protoss Ground Weapons Level 2 (Chrono Boost)  
  116  10:07  Probe  
  118  10:09  Disruptor  
  121  10:21  Disruptor  
  119  10:25  Stalker x4  
  130  10:29  Probe  
  130  10:35  Probe  
  132  10:36  Probe  
  132  10:38  Robotics Facility  
  133  10:45  Disruptor  
  133  10:48  Stalker x3  
  142  10:57  Observer  
  142  11:00  Stalker x2  
  145  11:04  Probe  
  145  11:08  Zealot x2, Photon Cannon, Shield Battery  
  150  11:12  Probe  
  150  11:14  Probe  
  150  11:17  Assimilator  
  150  11:18  Disruptor, Stalker x2  
  150  11:19  Stalker  
  150  11:20  Assimilator  
  150  11:25  Probe  
  153  11:26  Pylon  
  153  11:27  Photon Cannon  
  153  11:29  Disruptor  
  154  11:38  Probe  
  154  11:39  Probe  
  150  11:49  Stalker x3  
  150  11:50  Stalker x3  
  150  11:53  Probe  
  161  12:05  Probe  
  159  12:14  Probe  
  160  12:17  Stalker x6  
  168  12:33  Pylon  
  168  12:34  Pylon  
  168  12:36  Pylon  
  168  12:37  Pylon  
  168  12:39  Photon Cannon, Assimilator  
  168  12:46  Photon Cannon  
  168  12:50  Dark Shrine  
  171  12:51  Probe x3  
  171  12:53  Probe  
  168  12:59  Zealot  
  168  13:00  Zealot x4  
  168  13:04  Disruptor  
  167  13:10  Probe x2  
  167  13:12  Observer  
  167  13:13  Stalker  
  167  13:15  Pylon  
  169  13:26  Zealot  
  168  13:27  Zealot  
  168  13:28  Zealot  
  141  13:46  Zealot x3  
  141  13:47  Zealot  
  141  13:48  Probe x2  
  131  13:51  Probe  
  131  13:55  Zealot  
  123  14:08  Stalker x5  
Tags
 
Add a new tag
Caveats
  • Supply blocks, unpowered buildings, or Contaminate may cause inaccurate times.
  • Supply counts are checked every 10 seconds.